 Dungeon Crawl Stone Soup version 0.30-a0-748-ge6a52f7cba (webtiles) character file.

Game seed: 6833322501597733959

482 browni3141 the Chopper (level 6, 0/47 HPs)
             Began as a Mummy Cinder Acolyte on Feb 8, 2023.
             Was an Elder of Ignis.
             Slain by an orc wizard
             ... wielding a +0 dagger
              (1 damage)
             ... on level 4 of the Dungeon.
             The game lasted 00:09:48 (3719 turns).

browni3141 the Chopper (Mummy Cinder Acolyte)       Turns: 3719, Time: 00:09:48

Health: 0/47       AC:  6    Str: 17    XL:     6   Next: 87%
Magic:  8/8        EV: 11    Int: 22    God:    Ignis [****..]
Gold:   214        SH:  0    Dex:  7    Spells: 5/7 levels left

rFire   . . .      SeeInvis .    a - +0 war axe
rCold   + . .      Faith    +    (no shield)
rNeg    + + +      Spirit   .    j - +0 leather armour
rPois   ∞          Reflect  .    (no helmet)
rElec   .          Harm     .    (no cloak)
rCorr   .          Rampage  .    (no gloves)
Will    .....                    s - +2 pair of boots
Stlth   +                        f - amulet of magic regeneration
HPRegen 0.27/turn                r - +6 ring of intelligence
MPRegen 0.51/turn                (no ring)

@: no status effects
A: cold resistance 1, negative energy resistance 3, torment resistance 2, heat
vulnerability 1, in touch with death 1, no potions, faith
a: Renounce Religion, Fiery Armour, Foxfire Swarm, Rising Flame


You were on level 4 of the Dungeon.
You worshipped Ignis.
Ignis was greatly pleased with you.
You visited 1 branch of the dungeon, and saw 4 of its levels.
You also visited: Sewer.

You collected 214 gold pieces.

Inventory:

Hand Weapons
 a - a +0 war axe (weapon)
 b - a +0 sling
 q - a -1 hand axe of flaming
Missiles
 c - 3 curare-tipped darts
Armour
 g - a +0 robe
 j - a +0 leather armour (worn)
 s - a +2 pair of boots (worn)
Jewellery
 f - an amulet of magic regeneration (around neck)
 r - a +6 ring of intelligence (left hand)
Wands
 m - a wand of charming (4)
 u - a wand of flame (7)
 v - a wand of mindburst (4)
Scrolls
 d - 3 scrolls of teleportation
 e - 2 scrolls of blinking
 h - a scroll of vulnerability
 i - 2 scrolls of noise
 k - a scroll of immolation
 l - 2 scrolls of amnesia
 n - 2 scrolls of enchant weapon
 o - 2 scrolls of fog {unknown}
 p - a scroll of enchant armour {unknown}
 t - a scroll of fear {unknown}


   Skills:
 - Level 3.0 Fighting
 * Level 4.2 Axes
 * Level 3.4 Ranged Weapons
 * Level 1.7 Throwing
 - Level 1.0 Stealth
 - Level 1.3 Spellcasting
 - Level 2.4 Fire Magic
 - Level 2.0 Evocations


You had 5 spell levels left.
You knew the following spells:

 Your Spells              Type           Power      Damage    Failure   Level
a - Scorch                Fire           24%        2d6       10%         2

Your spell library contained the following spells:

 Spells                   Type           Power      Damage    Failure   Level
 Cigotuvi's Dreadful Rot  Necr/Pois/Air  4%         N/A       26%         2
 Poisonous Vapours        Pois/Air       2%         N/A       26%         2
 Mephitic Cloud           Conj/Pois/Air  1%         N/A       47%         3
 Summon Guardian Golem    Hex/Summ       1%         N/A       47%         3
 Orb of Destruction       Conj           0%         9d5       100%        7
 Spellforged Servitor     Conj/Summ      0%         N/A       100%        7


Dungeon Overview and Level Annotations

Branches:
Dungeon (4/15)              Sewer (visited)
 Temple: D:4-7

Altars:
Dithmenos
Xom


Innate Abilities, Weirdness & Mutations

You are immune to poison.
Your flesh is cold resistant. (rC+)
You are immune to negative energy. (rN+++)
You are immune to unholy pain and torment.
You are vulnerable to heat. (rF-)
You are in touch with the powers of death.
You do not drink.
You have a special connection with the divine. (Faith)


Message History

The orc is severely wounded.
You closely miss the orc wizard.
The orc shouts!
The orc hits you with a +0 war axe.
The orc wizard hits you with a +0 dagger.
The orc wizard barely misses you. The orc hits you with a +0 war axe.
You closely miss the orc.
The orc is severely wounded.
You hit the orc wizard. The orc hits you but does no damage.
The orc wizard hits you but does no damage.
An orc comes into view. It is wielding a +0 short sword.
You barely miss the orc.
The orc is severely wounded.
You hit the orc wizard. The orc wizard completely misses you.
An orc wizard comes into view. It is wielding a +0 dagger.
The orc barely misses you.
You barely miss the orc.
The orc is severely wounded.
You miss the orc wizard. The orc hits you with a +0 war axe!
The orc wizard barely misses you. The orc hits you but does no damage.
The orc wizard gestures wildly while chanting.
The orc wizard flickers and vanishes!
Deactivating autopickup; reactivate with Ctrl-A.
The orc hits you from afar with a +0 trident.
The orc hits you with a +0 war axe!
* * * LOW HITPOINT WARNING * * *
Something hits you but does no damage. The orc attacks as you move away!
The orc hits you with a +0 war axe!
* * * LOW HITPOINT WARNING * * *
The orc wizard casts a spell.
The orc wizard flickers and vanishes!
The orc hits you with a +0 war axe!
* * * LOW HITPOINT WARNING * * *
Activating: Foxfire Swarm
Press: ? - help, Dir - look around, f - activate Flames leap up around you!
The orc hits you but does no damage. The orc closely misses your foxfire.
The orc hits your foxfire with a +0 war axe.
The orc closely misses your foxfire. Something hits you.
You die...

### ######..
#......
#....########
##....#.......
#.....#......
##..vvv#.{.#
#...#vvv..#
#..##@ooo.#
##..###.#...#
#### #..##
###..$....
...##### ##.##
.......
.......###..#
#######
.........#.##
...........#
........#.##
......##..#


You could see 3 orcs.

Vanquished Creatures
  2 bullfrogs (Sewer)
  A scorpion (D:4)
  2 orc wizards (D:3)
  6 adders
  7 gnolls
  A river rat (D:4)
  3 worms
  A dart slug (D:1)
  6 orcs
  9 ball pythons
  7 endoplasms
  12 giant cockroaches
  2 goblins
  3 hobgoblins
  8 jackals
  4 kobolds
  6 quokkas
  6 bats
  6 frilled lizards (Sewer)
  6 rats
98 creatures vanquished.

Notes
Turn   | Place    | Note
-------+----------+-------------------------------------------
     0 | D:1      | browni3141 the Mummy Cinder Acolyte began the quest for the
                  | Orb.
     0 | D:1      | Reached XP level 1. HP: 18/18 MP: 2/2
   383 | D:1      | Reached skill level 1 in Stealth
   434 | D:1      | Reached XP level 2. HP: 24/24 MP: 4/4
   658 | D:1      | Reached skill level 1 in Ranged Weapons
  1079 | D:2      | Found a shimmering altar of Xom.
  1143 | D:2      | Gained mutation: You are in touch with the powers of death.
                  | [Mummy growth]
  1143 | D:2      | Reached XP level 3. HP: 24/29 MP: 5/5
  1520 | D:2      | Reached skill level 3 in Axes
  1946 | D:2      | Learned a level 2 spell: Scorch
  2003 | D:3      | Reached XP level 4. HP: 35/35 MP: 6/6
  2006 | D:3      | Found a shadowy altar of Dithmenos.
  2106 | D:3      | Reached skill level 1 in Evocations
  2140 | D:3      | Reached XP level 5. HP: 34/41 MP: 7/7
  2717 | D:3      | Found a faded altar of an unknown god.
  3007 | D:4      | Reached XP level 6. HP: 18/47 MP: 8/8
  3050 | D:4      | Found a glowing drain.
  3077 | Sewer    | Entered a sewer
  3322 | Sewer    | Reached skill level 4 in Axes
  3322 | Sewer    | Reached skill level 1 in Throwing
  3718 | D:4      | HP: 1/47 [orc/+0 war axe (7)]
  3719 | D:4      | Slain by an orc wizard

Illustrated notes

Levels and vault maps discovered:
D:1:      scummos_arrival_gate, layout_basic
D:2:      layout_loops_ring, basic_altar
D:3:      layout_basic, nicolae_dithmenos_through_a_glass_darkly,
          shapermc_ecumenical_altar_pompeii
D:4:      layout_cave_pods, mainiacjoe_overflow_big_doors, portal_sewer_entry_b,
          minmay_misc_feat_square, grunt_ministairs_8,
          kennysheep_generic_room_6, uniq_pargi

Skill      XL: |  1  2  3  4  5  6 |
---------------+-------------------+-----
Stealth        | 1 |  1.0
Ranged Weapons | 1 2 3 |  3.4
Axes           | 3 4 |  4.2
Evocations     | 1 2 |  2.0
Throwing       | 1 |  1.7
Fighting       | |  3.0
Spellcasting   | |  1.3
Fire Magic     | |  2.4

Action                     |  1- 3 |  4- 6 || total
---------------------------+-------+-------++-------
  Melee: Hand axe          |    92 |    26 ||   118
         Punch             |     1 |     2 ||     3
         War axe           |       |   153 ||   153
   Fire: Sling             |    99 |    96 ||   195
 Invoke: Fiery Armour      |       |     3 ||     3
         Foxfire Swarm     |       |     1 ||     1
    Use: Scroll            |     2 |     5 ||     7
 Armour: Robe              |     5 |       ||     5
         Leather armour    |    41 |    78 ||   119
  Dodge: Dodged            |   104 |   152 ||   256

Table legend: (Time is in decaauts)
 A = Elapsed time spent in this place.
 B = Non-inter-level travel time spent in this place.
 C = Inter-level travel time spent in this place.
 D = Time resting spent in this place.
 E = Time spent auto-exploring this place.
 F = Levels seen in this place.
 G = Mean time per level.
                   A        B        C        D        E       F      G
               +--------+--------+--------+--------+--------+-----+--------+
         Total |   3860 |   3776 |     84 |    129 |   2454 |   5 |  772.0 |
       Dungeon |   3484 |   3400 |     84 |    126 |   2427 |   4 |  871.0 |
         Sewer |    375 |    375 |      0 |      3 |     26 |   1 |  375.0 |
               +--------+--------+--------+--------+--------+-----+--------+

Top non-repeatable levels by time:
     D:1: 1090 daAuts
     D:2: 1034 daAuts
     D:3: 867 daAuts
     D:4: 491 daAuts
   Sewer: 375 daAuts
